Avalanche vs Sabres
Created - 15 février 2013 at 19:00
Goals
|
| Avalanche |
1 |
1 |
0 |
2 |
| Sabres |
0 |
3 |
4 |
7 |
|
Shots
|
| Avalanche |
14 |
18 |
6 |
38 |
| Sabres |
5 |
10 |
16 |
31 |
|
1st period
1. Avalanche , Rostislav Olesz 8 (Radim Vrbata, Oleg Kvasha) at 10:45 (PP)
Penalties :
Andreas Johansson (Buf) for Holding Stick (Minor) at 9:24
2nd period
2. Sabres , Martin Sonnenberg 4 (Brendan Morrison) at 6:59
3. Avalanche , Ryan Smyth 19 (Jason Pominville, Mike Comrie) at 10:37
4. Sabres , Brendan Morrison 14 (Daniel Alfredsson) at 15:03 (PP)
5. Sabres , Ladislav Nagy 7 (Andreas Johansson, Niclas Bergfors) at 16:16
Penalties :
Martin Sonnenberg (Buf) for Hooking (Minor) at 7:28, Mattias Timander (Buf) for Roughing (Minor) at 11:03, Christian Laflamme (Buf) for Tripping (Minor) at 11:28, Sami Salo (Col) for Hooking (Minor) at 14:57
3rd period
6. Sabres , Paul Gaustad 6 (Michal Rozsival, Mats Sundin) at 0:32
7. Sabres , Markus Naslund 24 (Mats Sundin) at 1:57 (PP)
8. Sabres , Mattias Timander 1 (Mats Sundin, Niclas Bergfors) at 18:06 (PP)
9. Sabres , Michal Rozsival 7 (Daniel Alfredsson, Brendan Morrison) at 18:14 (PP)
Penalties :
Oleg Kvasha (Col) for Cross-checking (Minor) at 1:53, Mike Comrie (Col) for Interference (Minor) at 3:29, Jere Lehtinen (Col) for Hooking (Minor) at 7:45, Sami Salo (Col) for Tripping (Minor) at 17:01, Ossi Vaananen (Col) for Charging (Minor) at 17:18
Goalie Stats
Antti Niemi (Col), 12 saves from 16 shots - (0,750), L, 9-12-2, 40:32 minutes
Patrick Lalime (Col), 12 saves from 15 shots - (0,800), 19:28 minutes
Niklas Backstrom (Buf), 36 saves from 38 shots - (0,947), W, 21-16-2, 60:00 minutes
Players Stats for Avalanche
Player Name G A P +/- PIM S H SB GA TA FO MP PP MP PK MP
------------------------------------------------------------------------------------
Antti Laaksonen 0 0 0 0 0 1 0 0 1 0 1/2 12:48 0:00 2:05
Chuck Kobasew 0 0 0 0 0 0 0 1 1 1 0/0 8:42 0:00 2:37
Dustin Byfuglien 0 0 0 0 0 1 0 0 0 0 1/1 5:50 0:00 0:00
Éric Perrin 0 0 0 0 0 2 3 0 0 0 3/5 9:36 2:28 1:30
Jack Johnson 0 0 0 -2 0 3 1 0 2 0 0/0 27:27 3:36 2:27
Jason Pominville 0 1 1 -1 0 4 0 1 2 0 2/4 21:46 3:16 0:18
Jere Lehtinen 0 0 0 0 2 1 0 0 0 0 1/7 12:37 0:00 1:40
Marc Staal 0 0 0 -2 0 2 1 2 1 0 0/0 27:47 2:08 3:50
Mattias Norstrom 0 0 0 0 0 3 1 0 0 0 0/0 14:02 0:00 1:31
Maxim Talbot 0 0 0 0 0 3 1 0 0 0 2/5 11:36 0:00 0:41
Mike Comrie 0 1 1 -1 2 2 1 0 0 0 19/37 21:22 3:16 0:00
Mike Rathje 0 0 0 0 0 3 2 0 0 1 0/0 12:32 0:00 0:00
Oleg Kvasha 0 1 1 -1 2 4 2 0 0 0 4/9 16:12 2:08 0:00
Ossi Vaananen 0 0 0 0 2 1 1 1 0 0 0/0 17:43 0:00 2:53
Radim Vrbata 0 1 1 -1 0 1 3 1 1 1 2/2 16:43 2:28 0:00
Rostislav Olesz 1 0 1 -1 0 3 2 1 1 0 0/0 16:51 2:28 0:28
Ryan Smyth 1 0 1 -1 0 4 3 1 4 0 2/2 22:03 3:16 0:35
Sami Salo 0 0 0 0 4 0 1 1 0 0 0/0 18:08 3:36 0:00
Players Stats for Sabres
Player Name G A P +/- PIM S H SB GA TA FO MP PP MP PK MP
------------------------------------------------------------------------------------
Andreas Johansson 0 1 1 1 2 0 1 1 0 1 0/0 10:43 0:00 0:00
Boyd Devereaux 0 0 0 1 0 0 0 0 0 0 0/2 9:30 0:00 0:00
Brendan Morrison 1 2 3 0 0 5 3 1 0 1 14/27 18:44 2:42 2:05
Christian Laflamme 0 0 0 0 2 0 0 1 0 3 0/0 19:32 1:01 1:55
Daniel Alfredsson 0 2 2 0 0 3 1 0 0 0 3/3 19:41 2:42 3:02
Daniel Cleary 0 0 0 0 0 1 4 0 0 1 0/2 15:18 0:00 0:06
Ladislav Nagy 1 0 1 1 0 2 2 0 0 0 0/0 9:30 0:00 0:00
Ladislav Smid 0 0 0 1 0 0 0 2 0 0 0/0 19:28 0:04 3:00
Markus Naslund 1 0 1 0 0 4 1 2 0 2 2/2 20:33 2:39 2:42
Martin Sonnenberg 1 0 1 0 2 2 0 1 0 1 0/1 13:30 0:00 0:00
Mats Sundin 0 3 3 0 0 7 1 0 2 0 15/28 19:43 2:39 1:52
Mattias Timander 1 0 1 0 2 1 2 2 0 2 0/0 19:03 2:41 0:07
Michal Rozsival 1 1 2 1 0 3 0 3 0 1 0/0 24:10 2:40 2:44
Niclas Bergfors 0 2 2 1 0 1 1 0 0 0 0/0 12:52 2:39 0:00
Niclas Havelid 0 0 0 1 0 0 0 0 1 1 0/0 15:06 1:19 1:04
Niklas Sundstrom 0 0 0 1 0 1 0 0 0 0 0/0 9:30 0:00 0:00
Ole-Kristian Tollefsen 0 0 0 1 0 0 1 0 0 0 0/0 22:35 2:57 2:44
Paul Gaustad 1 0 1 1 0 1 2 0 0 0 3/9 13:10 2:42 0:00
3 Stars
1 - Brendan Morrison (Buf)
2 - Michal Rozsival (Buf)
3 - Mats Sundin (Buf)
Power Play
Avalanche - 1 on 4 Attempt(s) - 25,00%
Sabres - 4 on 6 Attempt(s) - 66,67%
Penalty Kill
Avalanche - 2 on 6 Attempt(s) - 33,33%
- Score 0 goal in Penalty Kill
Sabres - 3 on 4 Attempt(s) - 75,00%
- Score 0 goal in Penalty Kill
Official
Referees : Dwyer Gord and O'Halloran Dan
Linesman : Jean Morin and Mark Pare
Game Notes
Patrick Lalime enters game at 0:32 of 3rd period
Niclas Havelid is injured at 5:19 of 3rd period (Strained Back)
Mike Comrie is injured at 19:38 of 3rd period (Left Hand)
Finance
Level 1 -- Attendance: 5498 (91,63%) -- Ticket Income 450 836 $
Level 2 -- Attendance: 5000 (100,00%) -- Ticket Income 225 000 $
Level 3 -- Attendance: 1698 (84,90%) -- Ticket Income 54 336 $
Level 4 -- Attendance: 3364 (84,10%) -- Ticket Income 67 280 $
Luxury Box -- Attendance: 1000 (100,00%) -- Ticket Income 175 000 $
Game was played at the Duff Garden
Total Attendance: 16560 (92,00%)
Total Ticket Income: 972 452 $
Total Income: 972 452 $
Avalanche
5 vs 5 Forward
Center Left Wing Right Wing Time % Phy DF OF
1 Mike Comrie Ryan Smyth Jason Pominville 40 1 2 2
2 Oleg Kvasha Rostislav Olesz Radim Vrbata 30 1 2 2
3 Maxim Talbot Antti Laaksonen Jere Lehtinen 20 1 2 2
4 Éric Perrin Chuck Kobasew Dustin Byfuglien 10 1 2 2
5 vs 5 Defense
Defense Defense Time % Phy DF OF
1 Marc Staal Jack Johnson 45 1 2 2
2 Ossi Vaananen Sami Salo 30 1 2 2
3 Mattias Norstrom Mike Rathje 25 1 2 2
4 Jack Johnson Marc Staal 0 1 2 2
PowerPlay Forward
Center Left Wing Right Wing Time % Phy DF OF
1 Mike Comrie Ryan Smyth Jason Pominville 60 1 2 2
2 Éric Perrin Rostislav Olesz Radim Vrbata 40 1 2 2
PowerPlay Defense
Defense Defense Time % Phy DF OF
1 Jack Johnson Sami Salo 60 1 2 2
2 Marc Staal Oleg Kvasha 40 1 2 2
Penalty Kill 4 Players Forward
Center Wing Time % Phy DF OF
1 Jere Lehtinen Chuck Kobasew 60 1 2 2
2 Antti Laaksonen Jason Pominville 40 1 2 2
Penalty Kill 4 Players Defense
Defense Defense Time % Phy DF OF
1 Marc Staal Ossi Vaananen 60 1 2 2
2 Jack Johnson Mattias Norstrom 40 1 2 2
Penalty Kill - 3 Players Forward
Forward Time % Phy DF OF
1 Ryan Smyth 60 1 2 2
2 Jason Pominville 40 1 2 2
Penalty Kill - 3 Players Defense
Defense Defense Time % Phy DF OF
1 Marc Staal Ossi Vaananen 60 1 2 2
2 Jack Johnson Mattias Norstrom 40 1 2 2
4 vs 4 Forward
Center Wing Time % Phy DF OF
1 Ryan Smyth Jason Pominville 60 1 2 2
2 Jere Lehtinen Mike Comrie 40 1 2 2
4 vs 4 Defense
Defense Defense Time % Phy DF OF
1 Mike Rathje Sami Salo 60 1 2 2
2 Marc Staal Jack Johnson 40 1 2 2
Last Minutes Offensive
Center Left Wing Right Wing Defense Defense
Mike Comrie Ryan Smyth Jason Pominville Jack Johnson Sami Salo
Last Minutes Defensive
Center Left Wing Right Wing Defense Defense
Mike Comrie Ryan Smyth Jason Pominville Marc Staal Ossi Vaananen
Goaltenders
Starting : Antti Niemi
Backup : Patrick Lalime
Extra Forwards
Normal : Radim Vrbata, Chuck Kobasew, Antti Laaksonen - PP : Jere Lehtinen, Dustin Byfuglien - PK : Antti Laaksonen
Extra Defensemen
Normal : Ossi Vaananen, Jack Johnson, Marc Staal - PP : Ossi Vaananen - PK : Jack Johnson, Marc Staal
Penalty Shots
Ryan Smyth, Jason Pominville, Jere Lehtinen, Mike Comrie, Radim Vrbata
Sabres
5 vs 5 Forward
Center Left Wing Right Wing Time % Phy DF OF
1 Mats Sundin Markus Naslund Daniel Cleary 30 2 1 2
2 Brendan Morrison Martin Sonnenberg Daniel Alfredsson 28 2 1 2
3 Paul Gaustad Andreas Johansson Niclas Bergfors 22 2 2 1
4 Boyd Devereaux Ladislav Nagy Niklas Sundstrom 20 0 3 2
5 vs 5 Defense
Defense Defense Time % Phy DF OF
1 Ladislav Smid Michal Rozsival 34 1 3 1
2 Ole-Kristian Tollefsen Niclas Havelid 34 1 3 1
3 Mattias Timander Christian Laflamme 32 1 3 1
4 Mattias Timander Christian Laflamme 0 0 5 0
PowerPlay Forward
Center Left Wing Right Wing Time % Phy DF OF
1 Brendan Morrison Paul Gaustad Daniel Alfredsson 50 2 0 3
2 Mats Sundin Markus Naslund Niclas Bergfors 50 1 0 4
PowerPlay Defense
Defense Defense Time % Phy DF OF
1 Ole-Kristian Tollefsen Michal Rozsival 50 0 1 4
2 Mattias Timander Niclas Havelid 50 0 2 3
Penalty Kill 4 Players Forward
Center Wing Time % Phy DF OF
1 Brendan Morrison Daniel Alfredsson 50 1 3 1
2 Mats Sundin Markus Naslund 50 1 3 1
Penalty Kill 4 Players Defense
Defense Defense Time % Phy DF OF
1 Ole-Kristian Tollefsen Michal Rozsival 50 2 3 0
2 Ladislav Smid Christian Laflamme 50 1 4 0
Penalty Kill - 3 Players Forward
Forward Time % Phy DF OF
1 Daniel Alfredsson 50 0 5 0
2 Markus Naslund 50 0 5 0
Penalty Kill - 3 Players Defense
Defense Defense Time % Phy DF OF
1 Ole-Kristian Tollefsen Michal Rozsival 50 1 4 0
2 Ladislav Smid Christian Laflamme 50 0 5 0
4 vs 4 Forward
Center Wing Time % Phy DF OF
1 Mats Sundin Markus Naslund 50 1 2 2
2 Brendan Morrison Daniel Alfredsson 50 1 2 2
4 vs 4 Defense
Defense Defense Time % Phy DF OF
1 Ole-Kristian Tollefsen Michal Rozsival 50 1 3 1
2 Mattias Timander Niclas Havelid 50 1 3 1
Last Minutes Offensive
Center Left Wing Right Wing Defense Defense
Brendan Morrison Markus Naslund Daniel Alfredsson Mats Sundin Michal Rozsival
Last Minutes Defensive
Center Left Wing Right Wing Defense Defense
Mats Sundin Markus Naslund Daniel Alfredsson Ole-Kristian Tollefsen Michal Rozsival
Goaltenders
Starting : Niklas Backstrom
Backup : Dan Cloutier
Extra Forwards
Normal : Markus Naslund, Daniel Alfredsson, Brendan Morrison - PP : Paul Gaustad, Andreas Johansson - PK : Daniel Cleary
Extra Defensemen
Normal : Michal Rozsival, Ole-Kristian Tollefsen, Niclas Havelid - PP : Ole-Kristian Tollefsen - PK : Mattias Timander, Niclas Havelid
Penalty Shots
Daniel Alfredsson, Markus Naslund, Mats Sundin, Brendan Morrison, Ladislav Nagy
% Time on Ice - Avalanche
Lines # - Real PCT - Wanted PCT - Time Play
Normal Forward
1 - 38% - 40% - 18:27
2 - 28% - 30% - 13:55
3 - 22% - 20% - 10:43
4 - 12% - 10% - 5:50
Normal Defense
1 - 44% - 45% - 21:45
2 - 30% - 30% - 14:38
3 - 26% - 25% - 12:32
4 - 0% - 0% - 0:00
PP Forward
1 - 57% - 60% - 3:16
2 - 43% - 40% - 2:28
PP Defense
1 - 63% - 60% - 3:36
2 - 37% - 40% - 2:08
PK Forward
1 - 93% - 60% - 4:15
2 - 7% - 40% - 0:18
PK Defense
1 - 67% - 60% - 3:02
2 - 33% - 40% - 1:31
PK3 Forward
1 - 100% - 60% - 0:48
2 - 0% - 40% - 0:00
PK3 Defense
1 - 100% - 60% - 0:48
2 - 0% - 40% - 0:00
44 Forward
1 - 0% - 60%
2 - 0% - 40%
44 Defense
1 - 0% - 60%
2 - 0% - 40%
Last Minute Offensive - 0:00
Last Minute Defensive - 0:00
Total
Forward - 60:00
Defense - 60:00
|
% Time on Ice - Sabres
Lines # - Real PCT - Wanted PCT - Time Play
Normal Forward
1 - 31% - 30% - 15:18
2 - 28% - 28% - 13:51
3 - 21% - 22% - 10:16
4 - 19% - 20% - 9:30
Normal Defense
1 - 34% - 34% - 16:46
2 - 34% - 34% - 16:48
3 - 31% - 32% - 15:21
4 - 0% - 0% - 0:00
PP Forward
1 - 50% - 50% - 2:42
2 - 50% - 50% - 2:39
PP Defense
1 - 50% - 50% - 2:40
2 - 50% - 50% - 2:41
PK Forward
1 - 55% - 50% - 2:18
2 - 45% - 50% - 1:52
PK Defense
1 - 54% - 50% - 2:14
2 - 46% - 50% - 1:56
PK3 Forward
1 - 47% - 50% - 0:44
2 - 53% - 50% - 0:50
PK3 Defense
1 - 32% - 50% - 0:30
2 - 68% - 50% - 1:04
44 Forward
1 - 0% - 50%
2 - 0% - 50%
44 Defense
1 - 0% - 50%
2 - 0% - 50%
Last Minute Offensive - 0:00
Last Minute Defensive - 0:00
Total
Forward - 60:00
Defense - 60:00
|
Play by Play
1st period
0:01 of 1st period - Mats Sundin wins face-off versus Mike Comrie in neutral zone.
0:58 of 1st period - Snap shot by Oleg Kvasha.
0:58 of 1st period - Stopped by Niklas Backstrom with a rebound.
1:32 of 1st period - Ole-Kristian Tollefsen is hit by Mike Comrie and loses puck.
1:39 of 1st period - Snap shot by Markus Naslund.
1:39 of 1st period - Deflect By Mats Sundin.
1:39 of 1st period - Shot Misses the Net.
1:39 of 1st period - Puck is out of play.
1:40 of 1st period - Radim Vrbata wins face-off versus Brendan Morrison in Avalanche zone.
1:55 of 1st period - Slapshot by Oleg Kvasha.
1:55 of 1st period - Shot Misses the Net.
2:05 of 1st period - Daniel Alfredsson is hit by Mike Rathje and loses puck.
2:18 of 1st period - Snap shot by Antti Laaksonen.
2:18 of 1st period - Stopped by Niklas Backstrom with a rebound.
3:11 of 1st period - Snap shot by Brendan Morrison.
3:11 of 1st period - Stopped by Antti Niemi without a rebound.
3:12 of 1st period - Paul Gaustad wins face-off versus Mike Comrie in Avalanche zone.
4:13 of 1st period - Snap shot by Mike Comrie.
4:13 of 1st period - Shot Misses the Net.
4:15 of 1st period - Snap shot by Marc Staal.
4:15 of 1st period - Deflect By Michal Rozsival.
4:15 of 1st period - Stopped by Niklas Backstrom with a rebound.
4:17 of 1st period - Wrist shot by Jason Pominville.
4:17 of 1st period - Shot Misses the Net.
4:35 of 1st period - Wrist shot by Ryan Smyth.
4:35 of 1st period - Shot Misses the Net.
4:37 of 1st period - Slapshot by Marc Staal.
4:37 of 1st period - Shot Blocked by Michal Rozsival.
4:53 of 1st period - Wrist shot by Boyd Devereaux.
4:53 of 1st period - Shot Blocked by Marc Staal.
5:13 of 1st period - Wrist shot by Jason Pominville.
5:13 of 1st period - Shot Misses the Net.
5:23 of 1st period - Wrist shot by Mike Comrie.
5:23 of 1st period - Shot Misses the Net.
5:25 of 1st period - Slapshot by Marc Staal.
5:25 of 1st period - Stopped by Niklas Backstrom with a rebound.
5:29 of 1st period - Snap shot by Jason Pominville.
5:29 of 1st period - Shot Blocked by Ladislav Smid.
5:31 of 1st period - Slapshot by Jack Johnson.
5:31 of 1st period - Stopped by Niklas Backstrom without a rebound.
5:32 of 1st period - Mats Sundin wins face-off versus Oleg Kvasha in Sabres zone.
5:42 of 1st period - Slapshot by Oleg Kvasha.
5:42 of 1st period - Stopped by Niklas Backstrom without a rebound.
5:43 of 1st period - Jere Lehtinen wins face-off versus Mats Sundin in Sabres zone.
6:15 of 1st period - Snap shot by Andreas Johansson.
6:15 of 1st period - Deflect By Niclas Bergfors.
6:15 of 1st period - Shot Misses the Net.
6:15 of 1st period - Puck is out of play.
6:16 of 1st period - Paul Gaustad wins face-off versus Maxim Talbot in Avalanche zone.
6:23 of 1st period - Slapshot by Niclas Bergfors.
6:23 of 1st period - Shot Misses the Net.
7:04 of 1st period - Snap shot by Daniel Alfredsson.
7:04 of 1st period - Stopped by Antti Niemi without a rebound.
7:05 of 1st period - Brendan Morrison wins face-off versus Éric Perrin in Avalanche zone.
7:12 of 1st period - Slapshot by Mike Rathje.
7:12 of 1st period - Stopped by Niklas Backstrom with a rebound.
7:14 of 1st period - Slapshot by Mike Rathje.
7:14 of 1st period - Stopped by Niklas Backstrom with a rebound.
8:05 of 1st period - Snap shot by Radim Vrbata.
8:05 of 1st period - Deflect By Rostislav Olesz.
8:05 of 1st period - Stopped by Niklas Backstrom with a rebound.
8:59 of 1st period - Snap shot by Mats Sundin.
8:59 of 1st period - Stopped by Antti Niemi with a rebound.
9:01 of 1st period - Snap shot by Michal Rozsival.
9:01 of 1st period - Shot Blocked by Marc Staal.
9:03 of 1st period - Slapshot by Ladislav Smid.
9:03 of 1st period - Shot Misses the Net.
9:05 of 1st period - Slapshot by Ladislav Smid.
9:05 of 1st period - Shot Misses the Net.
9:07 of 1st period - Slapshot by Mats Sundin.
9:07 of 1st period - Stopped by Antti Niemi without a rebound.
9:08 of 1st period - Mike Comrie wins face-off versus Paul Gaustad in Avalanche zone.
9:13 of 1st period - Wrist shot by Jason Pominville.
9:13 of 1st period - Shot Misses the Net.
9:15 of 1st period - Wrist shot by Mike Comrie.
9:15 of 1st period - Shot Blocked by Andreas Johansson.
9:17 of 1st period - Slapshot by Ossi Vaananen.
9:17 of 1st period - Deflect By Mike Comrie.
9:17 of 1st period - Stopped by Niklas Backstrom without a rebound.
9:18 of 1st period - Paul Gaustad wins face-off versus Mike Comrie in Sabres zone.
9:24 of 1st period - Minor Penalty to Andreas Johansson for Holding Stick.
9:25 of 1st period - Mike Comrie wins face-off versus Brendan Morrison in Sabres zone.
9:26 of 1st period - Wrist shot by Ryan Smyth.
9:26 of 1st period - Stopped by Niklas Backstrom without a rebound.
9:27 of 1st period - Mike Comrie wins face-off versus Brendan Morrison in Sabres zone.
9:30 of 1st period - Snap shot by Mike Comrie.
9:30 of 1st period - Stopped by Niklas Backstrom without a rebound.
9:31 of 1st period - Mike Comrie wins face-off versus Brendan Morrison in Sabres zone.
9:56 of 1st period - Snap shot by Jason Pominville.
9:56 of 1st period - Shot Misses the Net.
9:58 of 1st period - Wrist shot by Mike Comrie.
9:58 of 1st period - Shot Misses the Net.
10:20 of 1st period - Wrist shot by Jason Pominville.
10:20 of 1st period - Stopped by Niklas Backstrom without a rebound.
10:21 of 1st period - Éric Perrin wins face-off versus Brendan Morrison in Sabres zone.
10:29 of 1st period - Off-side.
10:30 of 1st period - Éric Perrin wins face-off versus Brendan Morrison in neutral zone.
10:45 of 1st period - Snap shot by Rostislav Olesz.
10:45 of 1st period - Goal by Rostislav Olesz - Avalanche : 1 - Sabres : 0.
10:46 of 1st period - Mats Sundin wins face-off versus Mike Comrie in neutral zone.
10:51 of 1st period - Slapshot by Markus Naslund.
10:51 of 1st period - Stopped by Antti Niemi with a rebound.
10:58 of 1st period - Icing by Mike Comrie.
10:59 of 1st period - Mike Comrie wins face-off versus Mats Sundin in Avalanche zone.
11:24 of 1st period - Marc Staal is hit by Niclas Bergfors and loses puck.
11:59 of 1st period - Wrist shot by Daniel Alfredsson.
11:59 of 1st period - Deflect By Sami Salo.
11:59 of 1st period - Shot Misses the Net.
11:59 of 1st period - Puck is out of play.
12:00 of 1st period - Mike Comrie wins face-off versus Mats Sundin in Avalanche zone.
12:00 of 1st period - Mike Comrie is hit by Daniel Cleary.
13:05 of 1st period - Andreas Johansson is hit by Maxim Talbot.
13:19 of 1st period - Michal Rozsival is hit by Éric Perrin and loses puck.
15:10 of 1st period - Snap shot by Ryan Smyth.
15:10 of 1st period - Shot Misses the Net.
15:28 of 1st period - Mattias Timander is hit by Radim Vrbata and loses puck.
16:20 of 1st period - Mike Comrie is hit by Daniel Cleary and loses puck.
16:48 of 1st period - Brendan Morrison is hit by Ryan Smyth and loses puck.
17:27 of 1st period - Icing by Ryan Smyth.
17:28 of 1st period - Mike Comrie wins face-off versus Paul Gaustad in Avalanche zone.
17:35 of 1st period - Snap shot by Mats Sundin.
17:35 of 1st period - Shot Misses the Net.
17:37 of 1st period - Snap shot by Markus Naslund.
17:37 of 1st period - Shot Blocked by Ryan Smyth.
18:08 of 1st period - Wrist shot by Rostislav Olesz.
18:08 of 1st period - Shot Blocked by Ladislav Smid.
18:23 of 1st period - Off-side.
18:24 of 1st period - Oleg Kvasha wins face-off versus Paul Gaustad in neutral zone.
19:35 of 1st period - Snap shot by Mattias Timander.
19:35 of 1st period - Shot Misses the Net.
2nd period
0:01 of 2nd period - Mike Comrie wins face-off versus Mats Sundin in neutral zone.
0:16 of 2nd period - Slapshot by Jason Pominville.
0:16 of 2nd period - Shot Misses the Net.
0:26 of 2nd period - Brendan Morrison is hit by Oleg Kvasha and loses puck.
1:49 of 2nd period - Off-side.
1:50 of 2nd period - Mats Sundin wins face-off versus Oleg Kvasha in neutral zone.
1:55 of 2nd period - Rostislav Olesz is hit by Daniel Cleary and loses puck.
2:00 of 2nd period - Snap shot by Markus Naslund.
2:00 of 2nd period - Stopped by Antti Niemi with a rebound.
2:02 of 2nd period - Wrist shot by Markus Naslund.
2:02 of 2nd period - Shot Misses the Net.
2:04 of 2nd period - Snap shot by Markus Naslund.
2:04 of 2nd period - Shot Misses the Net.
2:06 of 2nd period - Slapshot by Michal Rozsival.
2:06 of 2nd period - Deflect By Oleg Kvasha.
2:06 of 2nd period - Stopped by Antti Niemi with a rebound.
2:16 of 2nd period - Michal Rozsival is hit by Ryan Smyth and loses puck.
2:23 of 2nd period - Snap shot by Jason Pominville.
2:23 of 2nd period - Stopped by Niklas Backstrom without a rebound.
2:24 of 2nd period - Jason Pominville wins face-off versus Paul Gaustad in Sabres zone.
2:29 of 2nd period - Snap shot by Jason Pominville.
2:29 of 2nd period - Stopped by Niklas Backstrom with a rebound.
2:58 of 2nd period - Off-side.
2:59 of 2nd period - Mike Comrie wins face-off versus Brendan Morrison in neutral zone.
3:08 of 2nd period - Snap shot by Jason Pominville.
3:08 of 2nd period - Shot Blocked by Brendan Morrison.
3:10 of 2nd period - Slapshot by Ossi Vaananen.
3:10 of 2nd period - Stopped by Niklas Backstrom with a rebound.
3:29 of 2nd period - Slapshot by Mattias Norstrom.
3:29 of 2nd period - Deflect By Markus Naslund.
3:29 of 2nd period - Stopped by Niklas Backstrom with a rebound.
4:12 of 2nd period - Jack Johnson is hit by Mattias Timander and loses puck.
4:29 of 2nd period - Wrist shot by Rostislav Olesz.
4:29 of 2nd period - Shot Blocked by Mattias Timander.
4:31 of 2nd period - Slapshot by Ossi Vaananen.
4:31 of 2nd period - Shot Misses the Net.
4:33 of 2nd period - Slapshot by Sami Salo.
4:33 of 2nd period - Deflect By Oleg Kvasha.
4:33 of 2nd period - Stopped by Niklas Backstrom without a rebound.
4:34 of 2nd period - Mats Sundin wins face-off versus Oleg Kvasha in Sabres zone.
5:06 of 2nd period - Off-side.
5:07 of 2nd period - Brendan Morrison wins face-off versus Mike Comrie in neutral zone.
5:10 of 2nd period - Slapshot by Michal Rozsival.
5:10 of 2nd period - Shot Misses the Net.
5:20 of 2nd period - Snap shot by Ryan Smyth.
5:20 of 2nd period - Stopped by Niklas Backstrom with a rebound.
5:22 of 2nd period - Slapshot by Jack Johnson.
5:22 of 2nd period - Stopped by Niklas Backstrom with a rebound.
5:32 of 2nd period - Jere Lehtinen is hit by Paul Gaustad and loses puck.
5:38 of 2nd period - Icing by Jack Johnson.
5:39 of 2nd period - Maxim Talbot wins face-off versus Paul Gaustad in Avalanche zone.
6:26 of 2nd period - Snap shot by Maxim Talbot.
6:26 of 2nd period - Stopped by Niklas Backstrom without a rebound.
6:27 of 2nd period - Mats Sundin wins face-off versus Mike Comrie in Sabres zone.
6:27 of 2nd period - Mats Sundin is hit by Ryan Smyth.
6:52 of 2nd period - Oleg Kvasha is hit by Brendan Morrison and loses puck.
6:57 of 2nd period - Wrist shot by Brendan Morrison.
6:57 of 2nd period - Stopped by Antti Niemi with a rebound.
6:59 of 2nd period - Backhand shot by Martin Sonnenberg.
6:59 of 2nd period - Goal by Martin Sonnenberg - Avalanche : 1 - Sabres : 1.
7:00 of 2nd period - Mats Sundin wins face-off versus Mike Comrie in neutral zone.
7:05 of 2nd period - Snap shot by Mats Sundin.
7:05 of 2nd period - Stopped by Antti Niemi with a rebound.
7:07 of 2nd period - Snap shot by Mats Sundin.
7:07 of 2nd period - Stopped by Antti Niemi with a rebound.
7:28 of 2nd period - Minor Penalty to Martin Sonnenberg for Hooking.
7:29 of 2nd period - Mats Sundin wins face-off versus Mike Comrie in Sabres zone.
7:54 of 2nd period - Radim Vrbata is hit by Markus Naslund and loses puck.
9:28 of 2nd period - Penalty to Martin Sonnenberg is over, Martin Sonnenberg is back on ice.
9:36 of 2nd period - Jere Lehtinen is hit by Mattias Timander and loses puck.
10:19 of 2nd period - Snap shot by Paul Gaustad.
10:19 of 2nd period - Deflect By Sami Salo.
10:19 of 2nd period - Shot Blocked by Ossi Vaananen.
10:19 of 2nd period - Puck is out of play.
10:20 of 2nd period - Dustin Byfuglien wins face-off versus Paul Gaustad in Avalanche zone.
10:33 of 2nd period - Snap shot by Mike Comrie.
10:33 of 2nd period - Shot Misses the Net.
10:35 of 2nd period - Wrist shot by Jason Pominville.
10:35 of 2nd period - Shot Misses the Net.
10:37 of 2nd period - Slapshot by Ryan Smyth.
10:37 of 2nd period - Goal by Ryan Smyth - Avalanche : 2 - Sabres : 1.
10:38 of 2nd period - Mike Comrie wins face-off versus Mats Sundin in neutral zone.
10:43 of 2nd period - Slapshot by Ryan Smyth.
10:43 of 2nd period - Stopped by Niklas Backstrom without a rebound.
10:44 of 2nd period - Mats Sundin wins face-off versus Mike Comrie in Sabres zone.
10:51 of 2nd period - Snap shot by Ryan Smyth.
10:51 of 2nd period - Shot Blocked by Markus Naslund.
11:00 of 2nd period - Icing by Daniel Cleary.
11:01 of 2nd period - Mats Sundin wins face-off versus Oleg Kvasha in Sabres zone.
11:03 of 2nd period - Minor Penalty to Mattias Timander for Roughing.
11:04 of 2nd period - Mike Comrie wins face-off versus Mats Sundin in Sabres zone.
11:28 of 2nd period - Minor Penalty to Christian Laflamme for Tripping.
11:29 of 2nd period - Daniel Alfredsson wins face-off versus Mike Comrie in Sabres zone.
11:38 of 2nd period - Wrist shot by Sami Salo.
11:38 of 2nd period - Shot Blocked by Michal Rozsival.
12:06 of 2nd period - Slapshot by Éric Perrin.
12:06 of 2nd period - Stopped by Niklas Backstrom with a rebound.
12:08 of 2nd period - Wrist shot by Éric Perrin.
12:08 of 2nd period - Stopped by Niklas Backstrom without a rebound.
12:09 of 2nd period - Markus Naslund wins face-off versus Éric Perrin in Sabres zone.
13:03 of 2nd period - Penalty to Mattias Timander is over, Mattias Timander is back on ice.
13:26 of 2nd period - Icing by Rostislav Olesz.
13:27 of 2nd period - Brendan Morrison wins face-off versus Jason Pominville in Avalanche zone.
13:28 of 2nd period - Penalty to Christian Laflamme is over, Christian Laflamme is back on ice.
13:28 of 2nd period - Wrist shot by Daniel Alfredsson.
13:28 of 2nd period - Deflect By Brendan Morrison.
13:28 of 2nd period - Stopped by Antti Niemi with a rebound.
13:40 of 2nd period - Wrist shot by Jere Lehtinen.
13:40 of 2nd period - Shot Misses the Net.
13:42 of 2nd period - Slapshot by Mattias Norstrom.
13:42 of 2nd period - Shot Blocked by Michal Rozsival.
13:44 of 2nd period - Wrist shot by Jere Lehtinen.
13:44 of 2nd period - Stopped by Niklas Backstrom without a rebound.
13:45 of 2nd period - Maxim Talbot wins face-off versus Mats Sundin in Sabres zone.
13:56 of 2nd period - Snap shot by Maxim Talbot.
13:56 of 2nd period - Stopped by Niklas Backstrom with a rebound.
13:58 of 2nd period - Slapshot by Jack Johnson.
13:58 of 2nd period - Stopped by Niklas Backstrom with a rebound.
14:06 of 2nd period - Wrist shot by Jere Lehtinen.
14:06 of 2nd period - Deflect By Maxim Talbot.
14:06 of 2nd period - Stopped by Niklas Backstrom without a rebound.
14:07 of 2nd period - Brendan Morrison wins face-off versus Mike Comrie in Sabres zone.
14:20 of 2nd period - Snap shot by Brendan Morrison.
14:20 of 2nd period - Shot Misses the Net.
14:45 of 2nd period - Michal Rozsival is hit by Rostislav Olesz and loses puck.
14:57 of 2nd period - Minor Penalty to Sami Salo for Hooking.
14:58 of 2nd period - Brendan Morrison wins face-off versus Jere Lehtinen in Avalanche zone.
15:01 of 2nd period - Snap shot by Brendan Morrison.
15:01 of 2nd period - Shot Blocked by Chuck Kobasew.
15:03 of 2nd period - Slapshot by Brendan Morrison.
15:03 of 2nd period - Goal by Brendan Morrison - Avalanche : 2 - Sabres : 2.
15:04 of 2nd period - Mike Comrie wins face-off versus Martin Sonnenberg in neutral zone.
15:43 of 2nd period - Daniel Cleary is hit by Radim Vrbata and loses puck.
16:16 of 2nd period - Snap shot by Ladislav Nagy.
16:16 of 2nd period - Goal by Ladislav Nagy - Avalanche : 2 - Sabres : 3.
16:17 of 2nd period - Brendan Morrison wins face-off versus Mike Comrie in neutral zone.
16:51 of 2nd period - Snap shot by Radim Vrbata.
16:51 of 2nd period - Stopped by Niklas Backstrom without a rebound.
16:52 of 2nd period - Jason Pominville wins face-off versus Boyd Devereaux in Sabres zone.
17:07 of 2nd period - Wrist shot by Niklas Sundstrom.
17:07 of 2nd period - Stopped by Antti Niemi with a rebound.
17:17 of 2nd period - Brendan Morrison is hit by Oleg Kvasha and loses puck.
17:24 of 2nd period - Snap shot by Rostislav Olesz.
17:24 of 2nd period - Shot Misses the Net.
17:26 of 2nd period - Backhand shot by Mike Rathje.
17:26 of 2nd period - Shot Misses the Net.
17:28 of 2nd period - Slapshot by Mattias Norstrom.
17:28 of 2nd period - Stopped by Niklas Backstrom with a rebound.
17:44 of 2nd period - Snap shot by Maxim Talbot.
17:44 of 2nd period - Shot Blocked by Markus Naslund.
18:06 of 2nd period - Mattias Timander is hit by Éric Perrin and loses puck.
19:39 of 2nd period - Mike Comrie is hit by Ladislav Nagy and loses puck.
3rd period
0:01 of 3rd period - Ryan Smyth wins face-off versus Brendan Morrison in neutral zone.
0:28 of 3rd period - Snap shot by Paul Gaustad.
0:28 of 3rd period - Shot Misses the Net.
0:30 of 3rd period - Slapshot by Michal Rozsival.
0:30 of 3rd period - Shot Blocked by Jason Pominville.
0:32 of 3rd period - Wrist shot by Paul Gaustad.
0:32 of 3rd period - Goal by Paul Gaustad - Avalanche : 2 - Sabres : 4.
0:32 of 3rd period - Patrick Lalime enters game.
0:33 of 3rd period - Oleg Kvasha wins face-off versus Mats Sundin in neutral zone.
0:40 of 3rd period - Icing by Michal Rozsival.
0:41 of 3rd period - Mats Sundin wins face-off versus Oleg Kvasha in Sabres zone.
0:41 of 3rd period - Mats Sundin is hit by Rostislav Olesz.
0:57 of 3rd period - Slapshot by Markus Naslund.
0:57 of 3rd period - Shot Misses the Net.
0:59 of 3rd period - Snap shot by Daniel Cleary.
0:59 of 3rd period - Stopped by Patrick Lalime without a rebound.
1:00 of 3rd period - Daniel Alfredsson wins face-off versus Jason Pominville in Avalanche zone.
1:13 of 3rd period - Mike Comrie is hit by Daniel Alfredsson.
1:25 of 3rd period - Rostislav Olesz is hit by Mats Sundin and loses puck.
1:53 of 3rd period - Minor Penalty to Oleg Kvasha for Cross-checking.
1:54 of 3rd period - Mats Sundin wins face-off versus Jere Lehtinen in Avalanche zone.
1:57 of 3rd period - Wrist shot by Markus Naslund.
1:57 of 3rd period - Goal by Markus Naslund - Avalanche : 2 - Sabres : 5.
1:58 of 3rd period - Brendan Morrison wins face-off versus Mike Comrie in neutral zone.
2:23 of 3rd period - Michal Rozsival is hit by Jack Johnson and loses puck.
3:07 of 3rd period - Chuck Kobasew is hit by Ole-Kristian Tollefsen and loses puck.
3:14 of 3rd period - Slapshot by Ladislav Nagy.
3:14 of 3rd period - Shot Misses the Net.
3:16 of 3rd period - Slapshot by Christian Laflamme.
3:16 of 3rd period - Shot Misses the Net.
3:18 of 3rd period - Snap shot by Ladislav Nagy.
3:18 of 3rd period - Stopped by Patrick Lalime without a rebound.
3:19 of 3rd period - Mike Comrie wins face-off versus Brendan Morrison in Avalanche zone.
3:24 of 3rd period - Wrist shot by Ryan Smyth.
3:24 of 3rd period - Shot Misses the Net.
3:26 of 3rd period - Slapshot by Jason Pominville.
3:26 of 3rd period - Shot Blocked by Mattias Timander.
3:29 of 3rd period - Minor Penalty to Mike Comrie for Interference.
3:30 of 3rd period - Mats Sundin wins face-off versus Jere Lehtinen in Avalanche zone.
3:59 of 3rd period - Snap shot by Daniel Alfredsson.
3:59 of 3rd period - Shot Misses the Net.
4:01 of 3rd period - Wrist shot by Brendan Morrison.
4:01 of 3rd period - Shot Misses the Net.
4:03 of 3rd period - Snap shot by Mattias Timander.
4:03 of 3rd period - Shot Misses the Net.
4:05 of 3rd period - Wrist shot by Brendan Morrison.
4:05 of 3rd period - Shot Misses the Net.
4:39 of 3rd period - Jack Johnson is hit by Paul Gaustad and loses puck.
5:18 of 3rd period - Niclas Havelid is hit by Marc Staal and loses puck.
5:19 of 3rd period - Niclas Havelid from Sabres is injured at 5:19 of 3rd period (Strained Back).
5:20 of 3rd period - Brendan Morrison wins face-off versus Jere Lehtinen in Sabres zone.
5:29 of 3rd period - Penalty to Mike Comrie is over, Mike Comrie is back on ice.
6:47 of 3rd period - Off-side.
6:48 of 3rd period - Éric Perrin wins face-off versus Brendan Morrison in neutral zone.
6:55 of 3rd period - Snap shot by Dustin Byfuglien.
6:55 of 3rd period - Stopped by Niklas Backstrom without a rebound.
6:56 of 3rd period - Brendan Morrison wins face-off versus Mike Comrie in Sabres zone.
7:45 of 3rd period - Snap shot by Niclas Bergfors.
7:45 of 3rd period - Stopped by Patrick Lalime without a rebound.
7:45 of 3rd period - Minor Penalty to Jere Lehtinen for Hooking.
7:46 of 3rd period - Antti Laaksonen wins face-off versus Mats Sundin in Avalanche zone.
9:45 of 3rd period - Penalty to Jere Lehtinen is over, Jere Lehtinen is back on ice.
9:55 of 3rd period - Ole-Kristian Tollefsen is hit by Mattias Norstrom and loses puck.
10:46 of 3rd period - Jere Lehtinen is hit by Ladislav Nagy and loses puck.
11:01 of 3rd period - Mike Comrie is hit by Andreas Johansson.
11:05 of 3rd period - Mike Comrie is hit by Daniel Cleary and loses puck.
11:22 of 3rd period - Daniel Alfredsson is hit by Radim Vrbata and loses puck.
11:45 of 3rd period - Markus Naslund is hit by Éric Perrin and loses puck.
11:58 of 3rd period - Snap shot by Jere Lehtinen.
11:58 of 3rd period - Shot Hit the Post.
12:12 of 3rd period - Ole-Kristian Tollefsen is hit by Sami Salo and loses puck.
12:16 of 3rd period - Michal Rozsival is hit by Ossi Vaananen and loses puck.
12:51 of 3rd period - Niklas Sundstrom is hit by Mike Rathje and loses puck.
12:56 of 3rd period - Snap shot by Oleg Kvasha.
12:56 of 3rd period - Stopped by Niklas Backstrom without a rebound.
12:57 of 3rd period - Oleg Kvasha wins face-off versus Brendan Morrison in Sabres zone.
13:04 of 3rd period - Rostislav Olesz is hit by Brendan Morrison and loses puck.
13:42 of 3rd period - Icing by Boyd Devereaux.
13:43 of 3rd period - Mike Comrie wins face-off versus Boyd Devereaux in Sabres zone.
13:46 of 3rd period - Snap shot by Jason Pominville.
13:46 of 3rd period - Stopped by Niklas Backstrom without a rebound.
13:47 of 3rd period - Mike Comrie wins face-off versus Mats Sundin in Sabres zone.
13:49 of 3rd period - Icing by Daniel Cleary.
13:50 of 3rd period - Mike Comrie wins face-off versus Mats Sundin in Sabres zone.
14:19 of 3rd period - Slapshot by Rostislav Olesz.
14:19 of 3rd period - Stopped by Niklas Backstrom with a rebound.
14:21 of 3rd period - Wrist shot by Radim Vrbata.
14:21 of 3rd period - Shot Blocked by Martin Sonnenberg.
14:23 of 3rd period - Slapshot by Mike Rathje.
14:23 of 3rd period - Stopped by Niklas Backstrom with a rebound.
14:25 of 3rd period - Slapshot by Mike Rathje.
14:25 of 3rd period - Shot Blocked by Christian Laflamme.
14:27 of 3rd period - Snap shot by Mattias Norstrom.
14:27 of 3rd period - Deflect By Martin Sonnenberg.
14:27 of 3rd period - Stopped by Niklas Backstrom without a rebound.
14:28 of 3rd period - Mats Sundin wins face-off versus Maxim Talbot in Sabres zone.
14:37 of 3rd period - Snap shot by Mats Sundin.
14:37 of 3rd period - Stopped by Patrick Lalime with a rebound.
14:39 of 3rd period - Slapshot by Michal Rozsival.
14:39 of 3rd period - Shot Misses the Net.
14:41 of 3rd period - Slapshot by Michal Rozsival.
14:41 of 3rd period - Shot Misses the Net.
14:43 of 3rd period - Snap shot by Markus Naslund.
14:43 of 3rd period - Stopped by Patrick Lalime without a rebound.
14:44 of 3rd period - Daniel Alfredsson wins face-off versus Mike Comrie in Avalanche zone.
14:49 of 3rd period - Slapshot by Daniel Alfredsson.
14:49 of 3rd period - Stopped by Patrick Lalime without a rebound.
14:50 of 3rd period - Brendan Morrison wins face-off versus Mike Comrie in Avalanche zone.
15:18 of 3rd period - Slapshot by Michal Rozsival.
15:18 of 3rd period - Shot Blocked by Rostislav Olesz.
15:20 of 3rd period - Slapshot by Daniel Cleary.
15:20 of 3rd period - Shot Misses the Net.
15:46 of 3rd period - Icing by Maxim Talbot.
15:47 of 3rd period - Brendan Morrison wins face-off versus Maxim Talbot in Avalanche zone.
16:12 of 3rd period - Icing by Mattias Timander.
16:13 of 3rd period - Brendan Morrison wins face-off versus Mike Comrie in Sabres zone.
16:28 of 3rd period - Off-side.
16:29 of 3rd period - Oleg Kvasha wins face-off versus Daniel Cleary in neutral zone.
17:01 of 3rd period - Minor Penalty to Sami Salo for Tripping.
17:02 of 3rd period - Markus Naslund wins face-off versus Jere Lehtinen in Avalanche zone.
17:18 of 3rd period - Minor Penalty to Ossi Vaananen for Charging.
17:19 of 3rd period - Ryan Smyth wins face-off versus Brendan Morrison in Avalanche zone.
17:58 of 3rd period - Snap shot by Mats Sundin.
17:58 of 3rd period - Stopped by Patrick Lalime with a rebound.
18:00 of 3rd period - Slapshot by Michal Rozsival.
18:00 of 3rd period - Stopped by Patrick Lalime without a rebound.
18:01 of 3rd period - Mats Sundin wins face-off versus Antti Laaksonen in Avalanche zone.
18:04 of 3rd period - Snap shot by Mats Sundin.
18:04 of 3rd period - Stopped by Patrick Lalime with a rebound.
18:06 of 3rd period - Backhand shot by Mattias Timander.
18:06 of 3rd period - Goal by Mattias Timander - Avalanche : 2 - Sabres : 6.
18:07 of 3rd period - Brendan Morrison wins face-off versus Jere Lehtinen in neutral zone.
18:12 of 3rd period - Slapshot by Daniel Alfredsson.
18:12 of 3rd period - Stopped by Patrick Lalime with a rebound.
18:14 of 3rd period - Slapshot by Michal Rozsival.
18:14 of 3rd period - Goal by Michal Rozsival - Avalanche : 2 - Sabres : 7.
18:15 of 3rd period - Mike Comrie wins face-off versus Mats Sundin in neutral zone.
19:07 of 3rd period - Slapshot by Ole-Kristian Tollefsen.
19:07 of 3rd period - Shot Misses the Net.
19:09 of 3rd period - Snap shot by Martin Sonnenberg.
19:09 of 3rd period - Shot Blocked by Sami Salo.
19:11 of 3rd period - Wrist shot by Brendan Morrison.
19:11 of 3rd period - Stopped by Patrick Lalime without a rebound.
19:12 of 3rd period - Mike Comrie wins face-off versus Daniel Cleary in Avalanche zone.
19:34 of 3rd period - Icing by Ryan Smyth.
19:35 of 3rd period - Brendan Morrison wins face-off versus Mike Comrie in Avalanche zone.
19:36 of 3rd period - Snap shot by Martin Sonnenberg.
19:36 of 3rd period - Stopped by Patrick Lalime without a rebound.
19:37 of 3rd period - Mike Comrie wins face-off versus Brendan Morrison in Avalanche zone.
19:37 of 3rd period - Mike Comrie is hit by Brendan Morrison.
19:38 of 3rd period - Mike Comrie from Avalanche is injured at 19:38 of 3rd period (Left Hand).
19:39 of 3rd period - Radim Vrbata wins face-off versus Mats Sundin in Avalanche zone.
19:50 of 3rd period - Snap shot by Mats Sundin.
19:50 of 3rd period - Shot Blocked by Radim Vrbata.
19:52 of 3rd period - Wrist shot by Markus Naslund.
19:52 of 3rd period - Shot Misses the Net.
Output by the SimonT Hockey Simulator (STHS) for François Prévost -- Original Page W3C XHTML 1.0 Valid